TOP OF THE 1ST |
Medford Giants batting - Pitching for St. Petersburg Railhawks : RHP Randy Geathers
|
Pitching: RHP Randy Geathers
|
|
Batting: LHB Sean Southworth
|
0-0: Ball 1-0: SINGLE (Flyball, 34D, EV 91.2 MPH)
|
Batting: RHB Juan Segura
|
0-0: Called Strike 0-1: Ball Wild Pitch! Sean Southworth to second 1-1: Ground out 6-3 (Groundball, 6, EV 85.6 MPH)
|
Batting: RHB Juan Villarreal
|
0-0: Ball 1-0: Foul Ball, location: 2F 1-1: Ball 2-1: Fly out, F8 (Flyball, 8LS, EV 93.1 MPH)
|
Batting: RHB Jong-suk Joung
|
0-0: Called Strike 0-1: Ball 1-1: Swinging Strike 1-2: Ball 2-2: 2-RUN HOME RUN (Line Drive, 7LD, EV 96.9 MPH), Distance : 366 ft
|
Batting: RHB Luis Salgado
|
0-0: Swinging Strike 0-1: SINGLE (Groundball, 4MD, EV 104.4 MPH)
|
Batting: RHB Juan Campos
|
0-0: Ball 1-0: Foul Ball, location: 2F 1-1: Ball 2-1: Swinging Strike 2-2: Strikes out swinging
|
Top of the 1st over - 2 runs, 3 hits, 0 errors, 1 left on base; Medford 2 - St. Petersburg 0 |
BOTTOM OF THE 1ST |
St. Petersburg Railhawks batting - Pitching for Medford Giants : RHP Jarod Gaynon
|
Pitching: RHP Jarod Gaynon
|
|
Batting: LHB Chris Minton
|
0-0: Called Strike 0-1: Ball 1-1: Ball 2-1: Ball 3-1: Bunt missed! 3-2: SINGLE (Groundball, 13S, EV 67.5 MPH) (infield hit)
|
Batting: RHB Jorge Ramos
|
0-0: Fly out, F3 (Popup, 3S, EV 75.6 MPH)
|
Batting: LHB Jake Weller
|
0-0: Called Strike Chris Minton steals 2nd base 0-1: 2-RUN HOME RUN (Flyball, 7D, EV 95.6 MPH), Distance : 377 ft
|
Batting: LHB Joe Byrnes
|
0-0: Ball 1-0: Foul Ball, location: 2F 1-1: Swinging Strike 1-2: Ground out 4-3 (Groundball, 4, EV 83.1 MPH)
|
Batting: RHB Dan Brost
|
0-0: Ball 1-0: Called Strike 1-1: Ground out 6-3 (Groundball, 6S, EV 70.6 MPH)
|
Bottom of the 1st over - 2 runs, 2 hits, 0 errors, 0 left on base; Medford 2 - St. Petersburg 2 |
TOP OF THE 2ND |
Medford Giants batting - Pitching for St. Petersburg Railhawks : RHP Randy Geathers
|
Batting: RHB Montay Vancini
|
0-0: Ball 1-0: Ball 2-0: Ball 3-0: Called Strike 3-1: Ground out 6-3 (Groundball, 6M, EV 104.4 MPH)
|
Batting: RHB Arturo Aguilera
|
0-0: Swinging Strike 0-1: Foul Ball, location: 2F 0-2: Strikes out looking
|
Batting: RHB Yasuo Shimomura
|
0-0: Foul Ball, location: 2F 0-1: Swinging Strike 0-2: Ball 1-2: Strikes out swinging
|
Top of the 2nd over - 0 runs, 0 hits, 0 errors, 0 left on base; Medford 2 - St. Petersburg 2 |
BOTTOM OF THE 2ND |
St. Petersburg Railhawks batting - Pitching for Medford Giants : RHP Jarod Gaynon
|
Batting: RHB Danny Bell
|
0-0: Called Strike 0-1: Ball 1-1: Ball 2-1: Ball 3-1: Fly out, F9 (Line Drive, 9LM, EV 94.4 MPH)
|
Batting: RHB Corradeo Vizzoni
|
0-0: Called Strike 0-1: Called Strike 0-2: Reached on error, E4 (Groundball, 34, EV 84.4 MPH)
|
Batting: RHB Luis Romero
|
0-0: Ball 1-0: Called Strike 1-1: Ball 2-1: SINGLE (Groundball, 6MD, EV 95.6 MPH) Corradeo Vizzoni to second
|
Batting: RHB Joe Allegretto
|
0-0: Ball Corradeo Vizzoni steals 3rd base 1-0: Fielders Choice at 2nd, 4-6 (Groundball, 4M, EV 83.8 MPH) Corradeo Vizzoni scores
|
Batting: LHB Chris Minton
|
0-0: Ball 1-0: Ball Joe Allegretto steals 2nd base 2-0: Foul Ball, location: 2F 2-1: Ball 3-1: Ground out U3 (Groundball, 3S, EV 82.5 MPH)
|
Bottom of the 2nd over - 1 run, 1 hit, 1 error, 1 left on base; Medford 2 - St. Petersburg 3 |
TOP OF THE 3RD |
Medford Giants batting - Pitching for St. Petersburg Railhawks : RHP Randy Geathers
|
Batting: LHB Sean Southworth
|
0-0: Ball 1-0: Swinging Strike 1-1: Ball 2-1: Called Strike 2-2: DOUBLE (Flyball, 89XD, EV 105.0 MPH)
|
Batting: RHB Juan Segura
|
0-0: Ball 1-0: Ground out 5-3 (Groundball, 56, EV 86.9 MPH)
|
Batting: RHB Juan Villarreal
|
0-0: Ball 1-0: Ball 2-0: Ground out 6-3 (Groundball, 6, EV 87.5 MPH)
|
Batting: RHB Jong-suk Joung
|
0-0: Ball 1-0: Called Strike 1-1: Ball 2-1: Ball 3-1: Swinging Strike 3-2: Base on Balls
|
Batting: RHB Luis Salgado
|
0-0: Ball 1-0: Ball 2-0: Foul Ball, location: 2F 2-1: Called Strike 2-2: Ball 3-2: Strikes out swinging
|
Top of the 3rd over - 0 runs, 1 hit, 0 errors, 2 left on base; Medford 2 - St. Petersburg 3 |
BOTTOM OF THE 3RD |
St. Petersburg Railhawks batting - Pitching for Medford Giants : RHP Jarod Gaynon
|
Batting: RHB Jorge Ramos
|
0-0: SOLO HOME RUN (Flyball, 89XD, EV 111.9 MPH), Distance : 417 ft
|
Batting: LHB Jake Weller
|
0-0: Foul Ball, location: 2F 0-1: Called Strike 0-2: Foul Ball, location: 2F 0-2: Ball 1-2: Foul Ball, location: 2F 1-2: Foul Ball, location: 2F 1-2: Ball 2-2: Ball 3-2: Fly out, F9 (Line Drive, 8RM, EV 98.8 MPH)
|
Batting: LHB Joe Byrnes
|
0-0: Called Strike 0-1: Ball 1-1: DOUBLE (Line Drive, 89XD, EV 106.9 MPH)
|
Batting: RHB Dan Brost
|
0-0: Ball 1-0: Foul Ball, location: 2F 1-1: Swinging Strike 1-2: Foul Ball, location: 2F 1-2: Fly out, F6 (Popup, 6M, EV 76.9 MPH)
|
Batting: RHB Danny Bell
|
0-0: Foul Ball, location: 2F 0-1: Ball 1-1: Ball 2-1: SINGLE (Groundball, 56D, EV 99.4 MPH) Joe Byrnes to third
|
Batting: RHB Corradeo Vizzoni
|
0-0: Ball 1-0: Called Strike 1-1: Swinging Strike 1-2: Foul Ball, location: 2F 1-2: Ball 2-2: Foul Ball, location: 2F 2-2: Fly out, F6 (Popup, 6MD, EV 50.6 MPH)
|
Bottom of the 3rd over - 1 run, 3 hits, 0 errors, 2 left on base; Medford 2 - St. Petersburg 4 |
TOP OF THE 4TH |
Medford Giants batting - Pitching for St. Petersburg Railhawks : RHP Randy Geathers
|
Batting: RHB Juan Campos
|
0-0: Swinging Strike 0-1: Swinging Strike 0-2: Strikes out swinging
|
Batting: RHB Montay Vancini
|
0-0: Ball 1-0: Called Strike 1-1: Foul Ball, location: 2F 1-2: Strikes out swinging
|
Batting: RHB Arturo Aguilera
|
0-0: Fly out, F7 (Flyball, 7D, EV 91.9 MPH)
|
Top of the 4th over - 0 runs, 0 hits, 0 errors, 0 left on base; Medford 2 - St. Petersburg 4 |
BOTTOM OF THE 4TH |
St. Petersburg Railhawks batting - Pitching for Medford Giants : RHP Jarod Gaynon
|
Batting: RHB Luis Romero
|
0-0: Ball 1-0: Ball 2-0: Foul Ball, location: 2F 2-1: Ball 3-1: Foul Ball, location: 2F 3-2: DOUBLE (Line Drive, 78M, EV 91.9 MPH)
|
Batting: RHB Joe Allegretto
|
0-0: Called Strike 0-1: Foul Ball, location: 2F 0-2: Foul Ball, location: 2F 0-2: Ground out 3-1 (Groundball, 34, EV 85.0 MPH) Luis Romero to third
|
Batting: LHB Chris Minton
|
0-0: SINGLE (Groundball, 34S, EV 64.4 MPH) (infield hit) Luis Romero scores
|
Pitching: RHP Zakhar Glogovsky
|
|
Batting: RHB Jorge Ramos
|
0-0: Called Strike Chris Minton steals 2nd base (no throw) 0-1: Ball 1-1: Ball 2-1: Foul Ball, location: 2F 2-2: Foul Ball, location: 2F 2-2: Strikes out swinging
|
Batting: LHB Jake Weller
|
0-0: Foul Ball, location: 2F 0-1: Ground out U3 (Groundball, 3L, EV 86.9 MPH)
|
Bottom of the 4th over - 1 run, 2 hits, 0 errors, 1 left on base; Medford 2 - St. Petersburg 5 |
TOP OF THE 5TH |
Medford Giants batting - Pitching for St. Petersburg Railhawks : RHP Randy Geathers
|
Batting: RHB Yasuo Shimomura
|
0-0: Called Strike 0-1: Foul Ball, location: 2F 0-2: Ball 1-2: Foul Ball, location: 2F 1-2: Foul Ball, location: 2F 1-2: Ball 2-2: Ball 3-2: Fly out, F7 (Flyball, 78D, EV 91.9 MPH)
|
Batting: LHB Sean Southworth
|
0-0: Ball 1-0: Ground out 6-3 (Groundball, 6, EV 88.8 MPH)
|
Batting: RHB Juan Segura
|
0-0: SINGLE (Groundball, 56D, EV 96.2 MPH)
|
Batting: RHB Juan Villarreal
|
0-0: Called Strike 0-1: Ball 1-1: Swinging Strike 1-2: Ground out 5-3 (Groundball, 56S, EV 95.0 MPH)
|
Top of the 5th over - 0 runs, 1 hit, 0 errors, 1 left on base; Medford 2 - St. Petersburg 5 |
BOTTOM OF THE 5TH |
St. Petersburg Railhawks batting - Pitching for Medford Giants : RHP Zakhar Glogovsky
|
Batting: LHB Joe Byrnes
|
0-0: Ball 1-0: Ground out 6-3 (Groundball, 6, EV 107.5 MPH)
|
Batting: RHB Dan Brost
|
0-0: Ball 1-0: Called Strike 1-1: Ball 2-1: Fly out, F8 (Flyball, 8RD, EV 95.6 MPH)
|
Batting: RHB Danny Bell
|
0-0: Fly out, F4 (Flyball, 34D, EV 86.9 MPH)
|
Bottom of the 5th over - 0 runs, 0 hits, 0 errors, 0 left on base; Medford 2 - St. Petersburg 5 |
TOP OF THE 6TH |
Medford Giants batting - Pitching for St. Petersburg Railhawks : RHP Randy Geathers
|
Batting: RHB Jong-suk Joung
|
0-0: Ball 1-0: Ground out 6-3 (Groundball, 6, EV 80.0 MPH)
|
Batting: RHB Luis Salgado
|
0-0: DOUBLE (Groundball, 5L, EV 103.1 MPH)
|
Batting: RHB Juan Campos
|
0-0: Fly out, F9 (Flyball, 9, EV 93.8 MPH)
|
Batting: RHB Montay Vancini
|
0-0: Called Strike 0-1: Called Strike 0-2: Strikes out swinging
|
Top of the 6th over - 0 runs, 1 hit, 0 errors, 1 left on base; Medford 2 - St. Petersburg 5 |
BOTTOM OF THE 6TH |
St. Petersburg Railhawks batting - Pitching for Medford Giants : RHP Zakhar Glogovsky
|
Batting: RHB Corradeo Vizzoni
|
0-0: Ball 1-0: Ball 2-0: Foul Ball, location: 2F 2-1: Swinging Strike 2-2: Foul Ball, location: 2F 2-2: Strikes out looking
|
Batting: RHB Luis Romero
|
0-0: SINGLE (Line Drive, 9S, EV 103.8 MPH)
|
Batting: RHB Joe Allegretto
|
0-0: Called Strike 0-1: SINGLE (Line Drive, 5D, EV 101.2 MPH) Luis Romero to second
|
Batting: LHB Chris Minton
|
0-0: Ball Wild Pitch! Luis Romero to third Joe Allegretto to second 1-0: Foul Ball, location: 2F 1-1: Ball 2-1: Foul Ball, location: 2F 2-2: Ball 3-2: Reached on error, E5 (Groundball, 6S, EV 86.9 MPH) Luis Romero scores Joe Allegretto to third
|
Pitching: RHP Zion Asamoah
|
|
Batting: RHB Jorge Ramos
|
0-0: Ball 1-0: Ball 2-0: Fielders Choice at 2nd, 6-4 (Groundball, 6S, EV 81.2 MPH) Joe Allegretto scores
|
Batting: LHB Jake Weller
|
0-0: Ball Jorge Ramos steals 2nd base 1-0: Foul Ball, location: 2F 1-1: Foul Ball, location: 2F 1-2: Foul Ball, location: 2F 1-2: Ball 2-2: SINGLE (Groundball, 34D, EV 95.6 MPH) Jorge Ramos to third Runner from 3rd tries for Home, SAFE, throw by RF to home Jake Weller to second
|
Batting: LHB Joe Byrnes
|
0-0: Ball 1-0: Fly out, F7 (Flyball, 7LS, EV 76.9 MPH)
|
Bottom of the 6th over - 3 runs, 3 hits, 1 error, 1 left on base; Medford 2 - St. Petersburg 8 |
TOP OF THE 7TH |
Medford Giants batting - Pitching for St. Petersburg Railhawks : RHP Randy Geathers
|
Batting: RHB Arturo Aguilera
|
0-0: Foul Ball, location: 2F 0-1: Ball 1-1: Fly out, F6 (Popup, 6M, EV 68.8 MPH)
|
Batting: RHB Yasuo Shimomura
|
0-0: Ball 1-0: Foul Ball, location: 2F 1-1: Ball 2-1: Called Strike 2-2: Ball 3-2: Strikes out swinging
|
Batting: LHB Sean Southworth
|
0-0: Ball 1-0: Called Strike 1-1: Ball 2-1: Ground out 4-3 (Groundball, 4D, EV 108.8 MPH)
|
Top of the 7th over - 0 runs, 0 hits, 0 errors, 0 left on base; Medford 2 - St. Petersburg 8 |
BOTTOM OF THE 7TH |
St. Petersburg Railhawks batting - Pitching for Medford Giants : RHP Zion Asamoah
|
Batting: RHB Dan Brost
|
0-0: Fly out, F8 (Flyball, 8LXD, EV 86.9 MPH)
|
Batting: RHB Danny Bell
|
0-0: Fly out, F8 (Flyball, 8LM, EV 88.1 MPH)
|
Batting: RHB Corradeo Vizzoni
|
0-0: Ball 1-0: Ball 2-0: Called Strike 2-1: Ball 3-1: Fly out, F4 (Popup, 4D, EV 58.1 MPH)
|
Bottom of the 7th over - 0 runs, 0 hits, 0 errors, 0 left on base; Medford 2 - St. Petersburg 8 |
TOP OF THE 8TH |
Medford Giants batting - Pitching for St. Petersburg Railhawks : RHP Randy Geathers
|
Batting: RHB Juan Segura
|
0-0: Called Strike 0-1: Ball 1-1: Ground out 6-3 (Groundball, 56, EV 103.8 MPH)
|
Batting: RHB Juan Villarreal
|
0-0: Ball 1-0: Foul Ball, location: 2F 1-1: Ground out 4-3 (Groundball, 4, EV 87.5 MPH)
|
Batting: RHB Jong-suk Joung
|
0-0: Ball 1-0: Ball 2-0: Ball 3-0: Called Strike 3-1: Foul Ball, location: 2F 3-2: Fly out, F8 (Flyball, 8LM, EV 81.2 MPH)
|
Top of the 8th over - 0 runs, 0 hits, 0 errors, 0 left on base; Medford 2 - St. Petersburg 8 |
BOTTOM OF THE 8TH |
St. Petersburg Railhawks batting - Pitching for Medford Giants : RHP Zion Asamoah
|
Batting: RHB Luis Romero
|
0-0: Called Strike 0-1: Ball 1-1: Called Strike 1-2: Foul Ball, location: 2F 1-2: Strikes out swinging
|
Batting: RHB Joe Allegretto
|
0-0: Ball 1-0: Foul Ball, location: 2F 1-1: Foul Ball, location: 2F 1-2: Ground out U3 (Groundball, 3L, EV 101.2 MPH)
|
Batting: LHB Chris Minton
|
0-0: Fly out, F6 (Popup, 4MD, EV 61.9 MPH)
|
Bottom of the 8th over - 0 runs, 0 hits, 0 errors, 0 left on base; Medford 2 - St. Petersburg 8 |
TOP OF THE 9TH |
Medford Giants batting - Pitching for St. Petersburg Railhawks : RHP Randy Geathers
|
Batting: RHB Luis Salgado
|
0-0: Ball 1-0: Ball 2-0: Called Strike 2-1: Swinging Strike 2-2: Ball 3-2: Foul Ball, location: 2F 3-2: Fly out, F9 (Flyball, 9LS, EV 89.4 MPH)
|
Batting: RHB Juan Campos
|
0-0: Ball 1-0: Called Strike 1-1: Ball 2-1: SINGLE (Groundball, 4MD, EV 98.8 MPH)
|
Batting: RHB Montay Vancini
|
0-0: Foul Ball, location: 2F 0-1: Called Strike 0-2: Ball 1-2: Foul Ball, location: 2F 1-2: Strikes out looking
|
Pitching: LHP Jim Unknown
|
|
Batting: RHB Arturo Aguilera
|
0-0: Ball 1-0: Swinging Strike 1-1: Foul Ball, location: 2F 1-2: Foul Ball, location: 2F 1-2: Foul Ball, location: 2F 1-2: Foul Ball, location: 2F 1-2: Ball 2-2: Foul Ball, location: 2F 2-2: Fielders Choice at 2nd, U4 (Groundball, 4M, EV 106.2 MPH)
|
Top of the 9th over - 0 runs, 1 hit, 0 errors, 1 left on base; Medford 2 - St. Petersburg 8 |
|